Map: Frost LE

Players

Miszu - Winner!

  • Race: Protoss Protoss
  • League: Master

GMllllllllll

  • Race: Terran Terran
  • League: Master

VOD

Have the link to the VOD?

Description

Time

  • Played on: June 29, 2016, 11:47 a.m.
  • Length: 10:24
Show
View Real Time Build Order
Export as new Build Order

Miszu Protoss - Winner!

Build Orders: 1 Gate Expand, Oracle Opening 

Get SALT Encoding   

  12  0:01  Probe (Chrono Boost)  
  13  0:11  Probe (Chrono Boost)  
  14  0:17  Pylon  
  14  0:22  Probe (Chrono Boost)  
  15  0:35  Probe (Chrono Boost)  
  16  0:37  Gateway  
  16  0:46  Probe (Chrono Boost)  
  17  0:56  Probe (Chrono Boost)  
  18  0:58  Assimilator  
  18  1:16  Nexus  
  18  1:20  Probe (Chrono Boost)  
  19  1:32  Cybernetics Core  
  19  1:34  Probe (Chrono Boost)  
  20  1:46  Pylon  
  20  1:48  Probe (Chrono Boost)  
  20  1:51  Assimilator  
  21  1:58  Probe (Chrono Boost)  
  22  2:08  Warp Gate  
  22  2:09  Probe (Chrono Boost)  
  23  2:19  Probe (Chrono Boost)  
  24  2:29  Stargate  
  25  2:30  Probe x2 (Chrono Boost)  
  26  2:40  Probe (Chrono Boost)  
  26  2:41  Probe (Chrono Boost)  
  30  2:51  Pylon, Probe x2 (Chrono Boost)  
  31  2:52  Adept  
  32  3:01  Probe (Chrono Boost)  
  32  3:03  Probe (Chrono Boost)  
  34  3:12  Oracle (Chrono Boost), Probe x2 (Chrono Boost)  
  39  3:23  Probe  
  39  3:24  Probe  
  41  3:34  Mothership Core  
  41  3:36  Probe  
  44  3:48  Probe  
  45  3:49  Gateway  
  45  3:50  Twilight Council  
  45  3:52  Pylon  
  45  3:54  Probe  
  44  3:58  Nexus  
  44  4:01  Assimilator  
  44  4:02  Assimilator  
  44  4:03  Pylon  
  44  4:08  Probe  
  44  4:09  Probe  
  45  4:16  Gateway  
  46  4:23  Robotics Facility, Blink (Chrono Boost), Probe  
  47  4:40  Pylon  
  47  4:42  Stalker  
  47  4:45  Stalker  
  51  4:54  Probe x2  
  53  5:02  Pylon  
  53  5:06  Probe  
  54  5:13  Probe  
  55  5:14  Probe  
  55  5:17  Stalker x2  
  55  5:18  Probe  
  65  5:22  Observer (Chrono Boost)  
  65  5:25  Forge  
  65  5:26  Probe  
  65  5:27  Forge, Gateway  
  63  5:29  Probe  
  63  5:30  Gateway  
  63  5:32  Gateway, Probe  
  65  5:38  Pylon  
  65  5:39  Probe x2  
  65  5:41  Observer (Chrono Boost)  
  68  5:44  Probe  
  68  5:48  Stalker  
  71  5:50  Probe  
  71  5:51  Probe  
  71  5:55  Stalker  
  71  5:56  Probe  
  76  5:57  Stalker  
  76  6:01  Protoss Ground Armor Level 1 (Chrono Boost)  
  76  6:02  Protoss Ground Weapons Level 1 (Chrono Boost)  
  78  6:07  Observer  
  78  6:08  Charge  
  79  6:24  Zealot x3  
  85  6:28  Immortal  
  86  6:38  Pylon  
  86  6:39  Pylon, Zealot x3  
  92  6:49  Adept x3  
  98  6:55  Pylon  
  98  7:01  Zealot x3  
  100  7:07  Templar Archives  
  100  7:08  Immortal  
  108  7:27  Zealot  
  108  7:28  Zealot x4  
  108  7:29  Zealot  
  99  7:50  Zealot x2  
  99  7:51  Zealot x4  
  82  8:16  Adept x3  
  82  8:17  Adept x2, Zealot  
  90  8:27  Protoss Ground Armor Level 2 (Chrono Boost), Protoss Ground Weapons Level 2 (Chrono Boost)  
  90  8:33  Probe x3  
  93  8:34  Pylon  
  93  8:41  Adept x4, Zealot  
  97  8:42  Psionic Storm, Zealot  
  97  8:44  Immortal  
  97  8:47  Pylon  
  109  8:49  Assimilator x2  
  109  8:50  Pylon  
  109  8:52  Probe  
  110  9:05  High Templar x3  
  110  9:06  High Templar  
  110  9:07  Zealot x2  
  122  9:23  Warp Prism  
  118  9:33  Pylon  
  118  9:34  Nexus  
  113  9:42  Probe  
  113  9:43  Probe x2  
  116  9:46  High Templar  
  116  9:47  High Templar x2, Zealot  
  116  9:48  Zealot x2  
  128  9:55  Probe x3  
  128  9:59  Gateway  
  135  10:01  Gateway  
Show
View Real Time Build Order
Export as new Build Order

GMllllllllll Terran 

Build Orders: Command Center First (CC), MMM Bio 

Get SALT Encoding   

  12  0:01  SCV  
  13  0:13  SCV  
  14  0:18  Supply Depot  
  14  0:26  SCV  
  15  0:40  SCV  
  16  0:52  SCV  
  17  1:03  Command Center  
  17  1:07  SCV  
  18  1:19  SCV  
  19  1:27  Barracks  
  19  1:31  SCV  
  20  1:43  SCV  
  21  1:54  Barracks  
  21  1:55  SCV  
  21  1:58  Barracks  
  22  2:07  SCV  
  23  2:15  Marine, Orbital Command  
  24  2:21  Orbital Command  
  24  2:26  Refinery  
  24  2:35  Marine  
  25  2:41  Bunker  
  25  2:44  Marine  
  25  2:45  Marine  
  25  2:49  SCV  
  28  2:52  Refinery  
  28  2:53  Marine  
  28  2:54  SCV  
  30  3:00  Engineering Bay  
  30  3:03  Marine  
  30  3:04  Marine  
  32  3:11  Marine  
  33  3:13  SCV  
  33  3:17  Supply Depot  
  33  3:18  SCV  
  35  3:21  Marine  
  35  3:25  SCV  
  38  3:39  Marine, SCV x2  
  38  3:41  Missile Turret  
  40  3:44  Missile Turret  
  40  3:48  Supply Depot  
  40  3:51  SCV x2  
  40  3:55  Barracks Reactor, Barracks Tech Lab  
  42  3:57  Barracks Reactor  
  42  4:03  SCV x2  
  44  4:14  Factory  
  44  4:15  SCV x2  
  46  4:23  Stimpack  
  46  4:24  Barracks  
  46  4:25  Barracks  
  46  4:27  Refinery, SCV x2  
  45  4:39  SCV x2  
  45  4:41  Marauder  
  49  4:47  Marine x3  
  49  4:51  SCV x2  
  54  4:59  Missile Turret  
  54  5:02  Supply Depot  
  54  5:05  SCV x2  
  54  5:06  Marauder  
  58  5:07  Supply Depot  
  56  5:18  SCV, Factory Reactor  
  56  5:20  Starport  
  57  5:21  SCV  
  57  5:26  Marine  
  57  5:27  Marauder  
  61  5:32  Barracks Tech Lab  
  61  5:34  Barracks Tech Lab  
  61  5:36  Marine x2  
  63  5:45  Refinery  
  63  5:48  Marine x2  
  63  5:49  Marauder  
  67  5:51  Combat Shields  
  67  5:52  Concussive Shells  
  67  6:02  Marauder x2  
  71  6:04  Medivac  
  71  6:05  Medivac  
  71  6:08  Marine, Factory Tech Lab  
  71  6:10  Marauder  
  78  6:22  Supply Depot  
  78  6:23  Supply Depot  
  78  6:25  Marauder x2  
  82  6:31  Marauder  
  84  6:33  Marine x2  
  86  6:43  Medivac x2  
  86  6:46  Marine  
  93  6:50  Marine  
  93  6:52  Marine  
  93  6:53  Marine  
  92  7:01  Marine  
  92  7:03  Siege Tank  
  92  7:05  Supply Depot x2  
  92  7:06  Marine x2  
  95  7:12  Marauder  
  95  7:13  Medivac  
  99  7:19  Marauder  
  101  7:25  Marauder  
  99  7:31  Marine  
  99  7:33  Marauder  
  100  7:41  Marauder  
  100  7:43  Marine  
  101  7:47  Marauder  
  101  7:48  Marine  
  100  7:53  Marine  
  100  7:55  Marauder  
  100  7:56  Siege Tank  
  104  8:02  Marauder  
  104  8:05  Marine  
  94  8:08  Marine, Marauder  
  94  8:10  Marine  
  84  8:12  Marine  
  84  8:16  Marauder  
  71  8:23  Marine  
  71  8:26  Marine  
  70  8:28  Marine, Siege Tank  
  70  8:30  Marine  
  72  8:39  Medivac  
  72  8:47  Marine, Marauder  
  75  8:59  Marine, Marauder  
  75  9:00  Siege Tank  
  75  9:01  Marauder  
  83  9:07  Marine  
  83  9:08  Marauder  
  86  9:13  Medivac  
  86  9:14  Marine  
  86  9:16  Marine  
  90  9:21  Marauder  
  92  9:25  Marine  
  91  9:32  Siege Tank  
  91  9:34  Marauder  
  86  9:42  Marauder  
  86  9:43  Marauder  
  86  9:44  Medivac x2  
  85  9:51  Marine  
  85  9:52  Marine  
  87  9:55  Marine  
  87  9:56  Marine  
  87  9:58  Marine  
  90  10:03  Marine  
  90  10:04  Marine  
Tags
 
Add a new tag
Caveats
  • Supply blocks, unpowered buildings, or Contaminate may cause inaccurate times.
  • Supply counts are checked every 10 seconds.